 Dungeon Crawl Stone Soup version 0.31-a0-319-g4fced400ed (webtiles) character file.

Game seed: 7597267007232236435

33 kae the Changeling (level 3, -1/40 HPs)
             Began as a Demonspawn Shapeshifter on July 18, 2023.
             Succumbed to a scorpion's poison
             ... on level 2 of the Dungeon.
             The game lasted 00:00:52 (954 turns).

kae the Changeling (Demonspawn Shapeshifter)         Turns: 954, Time: 00:00:53

Health: -1/40      AC: 62    Str: 15    XL:     3   Next: 12%
Magic:  3/3        EV:  2    Int:  9    God:
Gold:   62         SH:  0    Dex: 15    Spells: 2/2 levels left

rFire   . .          .
                       - Unarmed
rCold   . . .        (no shield)
rNeg    . . .        a - melded +0 animal skin
rPois   +            (helmet currently unavailable)
rElec   .            (cloak currently unavailable)
rCorr   .            (gloves currently unavailable)
SInv    .            (boots currently unavailable)
Will    +....        f - amulet of magic regeneration
Stlth   +            E - +5 ring of evasion
HPRegen 0.26/turn    (no ring)
MPRegen 0.48/turn

%: no passive effects
@: lethally poisoned (-1 -> -18), tree-form, enlightened
A: stationary, stasis, torment immunity, boosted hp, (horns 1), powered by pain
1
a: no special abilities


You were on level 2 of the Dungeon.
You were a tree.
You visited 1 branch of the dungeon, and saw 2 of its levels.

You collected 62 gold pieces.


Innate Abilities, Weirdness & Mutations

You are a tree.
Your roots penetrate the ground, keeping you stationary.
You cannot be teleported.
You are immune to unholy pain and torment.
Your maximum health is greatly increased.
Your equipment is partially melded.
((You have a pair of small horns on your head.))
You sometimes gain a little power by taking damage.


   Skills:
 + Level 2.3 Fighting
 + Level 2.0 Dodging
 * Level 2.3 Unarmed Combat
 * Level 3.0 Shapeshifting


You had 2 spell levels left.
You didn't know any spells.
Your spell library contained the following spells:

 Spells                   Type           Power      Damage    Failure   Level
 Sandblast                Erth           0%         2d4       38%         1
 Cigotuvi's Dreadful Rot  Necr/Pois/Air  0%         N/A       52%         2
 Passwall                 Tmut/Erth      0%         N/A       52%         2
 Ignite Poison            Fire/Tmut/Pois 0%         N/A       77%         3
 Stone Arrow              Conj/Erth      0%         3d7       77%         3
 Freezing Cloud           Conj/Ice/Air   0%         6-21      100%        5

Inventory:

Missiles
 e - 9 stones
 j - 2 poisoned darts
Armour
 a - a +0 animal skin (melded)
Jewellery
 f - an amulet of magic regeneration (around neck)
   (You found it on level 1 of the Dungeon)
 E - a +5 ring of evasion (left branch)
   (You found it on level 1 of the Dungeon)
Talismans
 c - a beast talisman
Scrolls
 d - a scroll of blinking {unknown}
Potions
 b - 2 potions of lignification {!q}
 g - 2 potions of haste {@q3}
 h - a potion of ambrosia {unknown}

Dungeon Overview and Level Annotations

Branches:
Dungeon (2/15) Zot: 11048

Altars:

#########...#.###.#######
#<##.....# #....#
#.##..##.# ####.#
#.##..##.# #....#
#.##..##.###.####
####.##.......#.#
#.....รท.....#.#.#
#........#..#...#
#........#....โ™ฃ.#
#........#.##.s......#
##########.##........#
....####....# .... ..!.#
..... ....# ..... ...#
......# $..


You could see a scorpion.


Message History

A kobold is nearby!
The kobold throws a poisoned dart.
The poisoned dart hits you!
You are poisoned.
You feel sick.
The kobold throws a poisoned dart.
The poisoned dart hits you!
You are more poisoned. ๐Ÿ˜• HP[-2]
You take 2 damage, and now have 25/27 hp.
You feel very sick.
The kobold hits you with a +2 vampiric whip.
You hit the kobold.
You kill the kobold!
You feel very sick. ๐Ÿ˜ฎ HP[-8]
You take 8 damage, and now have 17/27 hp.
MASSIVE DAMAGE!! (PAUSE)
You feel sick.
You feel sick.
You feel sick.
You feel sick.
You feel sick.
You feel sick.
You feel sick.
You are no longer poisoned.
j - 2 poisoned darts You see here a +2 vampiric whip. ๐Ÿ˜• HP[+5]
You regained 5 hp, and now have 22/27 hp.
Unknown command.
There is an open door here.
A rat comes into view. ๐Ÿ˜Ž HP[+5]
Your hp is fully restored (27).
Unknown command.
A rat is nearby!
A rat is nearby!
A rat is nearby!
The rat bites you.
You hit the rat but do no damage. You headbutt the rat.
You kill the rat! ๐Ÿ˜• HP[-3]
You take 3 damage, and now have 24/27 hp.
Found a stone staircase leading up. ๐Ÿ˜Ž HP[+3]
Your hp is fully restored (27).
No target in view!
No target in view!
There is an open door here.
Key pressed, stopping explore.
No target in view!
No target in view!
You pick up a Trismegistus Codex and begin reading...
You add the spells Cigotuvi's Dreadful Rot, Ignite Poison and Freezing Cloud to your library.
No target in view!
No target in view!
A scorpion comes into view.
A scorpion is nearby!
A scorpion is nearby!
The scorpion stings you! The scorpion stings you.
You are too injured to fight recklessly! ๐Ÿ˜ฎ HP[-13]
You take 13 damage, and now have 14/27 hp.
MASSIVE DAMAGE!! (PAUSE)
You closely miss the scorpion.
You headbutt the scorpion, but do no damage.
The scorpion barely misses you.
Unknown command.
You hit the scorpion but do no damage. The scorpion stings you.
* * * LOW HITPOINT WARNING * * *
You are lethally poisoned!
The scorpion poisons you! ๐Ÿ˜จ HP[-1]
You take 1 damage, and now have 13/27 hp.
You hit the scorpion. You headbutt the scorpion.
* * * LOW HITPOINT WARNING * * *
You feel very sick. The scorpion stings you.
* * * LOW HITPOINT WARNING * * *
You are more poisoned.
The scorpion poisons you! ๐Ÿ˜ฑ HP[-8]
You take 8 damage, and now have 5/27 hp.
MASSIVE DAMAGE!! (PAUSE) Unknown command.
Really quaff
b - 3 potions of lignification {!q}? [Y]es or [N]o only, please.
Really quaff
b - 3 potions of lignification {!q}? [Y]es or [N]o only, please.
Really quaff
b - 3 potions of lignification {!q}?
Really quaff the potion of lignification?
Your transformation has ended.
You turn into a tree.
Your +0 animal skin melds into your body.
Your roots penetrate the ground.
* * * LOW HITPOINT WARNING * * *
You feel very sick.
The scorpion stings you but does no damage. ๐Ÿ˜ฑ HP[-2]
You now have 40 max hp (+13).
It was a potion of enlightenment.
Your roots keep you in place.
You die...

Skill      XL: |  1  2 |
---------------+-------+-----
Unarmed Combat | 2 |  2.3
Dodging        | 2 |  2.0
Shapeshifting  | 3 |  3.0
Fighting       | |  2.3

Action                     || total
---------------------------++-------
  Melee: Unarmed           ||    72
         Punch             ||     1
         Headbutt          ||     9
    Use: Scroll            ||     2
         Potion            ||     2
   Stab: Sleeping          ||     2
 Armour: Animal skin       ||    12
         Skin              ||     1
  Dodge: Dodged            ||    47

Levels and vault maps discovered:
D:1:      nagdon_arrival_zigzag_paths, layout_rooms
D:2:      layout_basic

Notes
Turn   | Place    | Note
-------+----------+-------------------------------------------
     0 | D:1      | kae the Demonspawn Shapeshifter began the quest for the
                  | Orb.
     0 | D:1      | Reached XP level 1. HP: 16/16 MP: 1/1
     0 | D:1      | magus.rc [v1.11.3]
   253 | D:1      | Reached skill level 2 in Unarmed Combat
   286 | D:1      | Gained mutation: You have a pair of small horns on your
                  | head. [demonic ancestry]
   286 | D:1      | Reached XP level 2. HP: 20/22 MP: 2/2
   423 | D:1      | Reached skill level 2 in Dodging
   488 | D:1      | Reached skill level 3 in Shapeshifting
   540 | D:1      | Gained mutation: You sometimes gain a little power by
                  | taking damage. [demonic ancestry]
   540 | D:1      | Reached XP level 3. HP: 27/27 MP: 3/3
   543 | D:1      | You pick up a book of Geomancy and begin reading...
   543 | D:1      | You add the spells Sandblast, Passwall and Stone Arrow to
                  | your library.
   929 | D:2      | You add the spells Cigotuvi's Dreadful Rot, Ignite Poison
                  | and Freezing Cloud to your library.
   946 | D:2      | Noticed a scorpion
   952 | D:2      | HP: 5/27 [scorpion (5)]
   954 | D:2      | Succumbed to a scorpion's poison

Vanquished Creatures
  A dart slug (D:1)
  3 bats (D:1)
  5 endoplasms (D:1)
  2 hobgoblins (D:1)
  2 quokkas
  4 ball pythons
  4 frilled lizards (D:1)
  4 goblins (D:1)
  2 kobolds
  2 rats
29 creatures vanquished.

Table legend:
 A = Non-vault XP
 B = Vault XP
 C = Vault XP percentage of total XP
 D = Non-vault monster count
 E = Vault monster count
 F = Vault count percentage of total count
                 A         B        C        D         E       F
            +---------+---------+-------+---------+---------+-------
      Total |      48 |       0 |   0.0 |      29 |       0 |   0.0
            +---------+---------+-------+---------+---------+-------
        D:1 |      41 |       0 |   0.0 |      25 |       0 |   0.0
        D:2 |       7 |       0 |   0.0 |       4 |       0 |   0.0
            +---------+---------+-------+---------+---------+-------

Skill      XL: |  1  2 |
---------------+-------+-----
Unarmed Combat | 2 |  2.3
Dodging        | 2 |  2.0
Shapeshifting  | 3 |  3.0
Fighting       | |  2.3

Action                     || total
---------------------------++-------
  Melee: Unarmed           ||    72
         Punch             ||     1
         Headbutt          ||     9
    Use: Scroll            ||     2
         Potion            ||     2
   Stab: Sleeping          ||     2
 Armour: Animal skin       ||    12
         Skin              ||     1
  Dodge: Dodged            ||    47

Illustrated notes

Table legend:
 A = Kills in this place as a percentage of kills in the entire game.
 B = Kills by you in this place as a percentage of kills by you in the entire game.
 C = Kills by friends in this place as a percentage of kills by friends in the entire game.
 D = Other kills in this place as a percentage of other kills in the entire game.
 E = Experience gained in this place as a percentage of experience gained in the entire game.
 F = Experience gained in this place divided by the number of levels of this place that you have seen.
                   A       B       C       D       E      F
               +-------+-------+-------+-------+-------+----------------------
         Total | 100.0 | 100.0 |   N/A |   N/A | 100.0 |  24.0
       Dungeon | 100.0 | 100.0 |   N/A |   N/A | 100.0 |  24.0
               +-------+-------+-------+-------+-------+----------------------

Table legend: (Time is in decaauts)
 A = Elapsed time spent in this place.
 B = Non-inter-level travel time spent in this place.
 C = Inter-level travel time spent in this place.
 D = Time resting spent in this place.
 E = Time spent auto-exploring this place.
 F = Levels seen in this place.
 G = Mean time per level.
                   A        B        C        D        E       F      G
               +--------+--------+--------+--------+--------+-----+--------+
         Total |    951 |    945 |      6 |      0 |    770 |   2 |  475.5 |
       Dungeon |    951 |    945 |      6 |      0 |    770 |   2 |  475.5 |
               +--------+--------+--------+--------+--------+-----+--------+

Top non-repeatable levels by time:
     D:1: 649 daAuts
     D:2: 301 daAuts
